 Dungeon Crawl Stone Soup version 0.31-a0-740-g87205ac768 (webtiles) character file.

Game seed: 4253240789388378673

88 subawu the Ruffian (level 4, 0/35 HPs)
             Began as a Draconian Shapeshifter on Sept 12, 2023.
             Succumbed to a goblin's poison
             ... on level 2 of the Dungeon.
             The game lasted 00:04:46 (1431 turns).

subawu the Ruffian (Draconian Shapeshifter)         Turns: 1431, Time: 00:04:46

Health: 0/35       AC:  5    Str: 17 (19) XL:     4   Next: 29%
Magic:  4/4        EV: 12    Int:  7 (10) God:
Gold:   23         SH:  0    Dex:  8 (10) Spells: 3/3 levels left

rFire   . .          .
                       - Unarmed
rCold   . . .        (no shield)
rNeg    . . .        (body armour unavailable)
rPois   .            (helmet currently unavailable)
rElec   .            e - melded +0 cloak
rCorr   .            (gloves currently unavailable)
SInv    .            (boots currently unavailable)
Will    .....        (no amulet)
Stlth   +            (no ring)
HPRegen 0.25/turn    (no ring)
MPRegen 0.09/turn

%: no passive effects
@: lethally poisoned (0 -> -13), beast-form, hasted, very quick
A: beast (slay +2), AC +5, unfitting armour, cold-blooded
a: Begin Untransformation


You were on level 2 of the Dungeon.
You were a hulking beast.
You visited 1 branch of the dungeon, and saw 2 of its levels.

You collected 23 gold pieces.

Inventory:

Hand Weapons
 a - a +1 trident of venom
Armour
 e - a +0 cloak (melded)
Talismans
 b - a beast talisman (active)
 c - a flux talisman
Scrolls
 f - a scroll of revelation
Potions
 d - a potion of degeneration
 k - a potion of brilliance {unknown}


   Skills:
 + Level 1.4 Fighting
 + Level 2.1 Dodging
 + Level 0.2 Stealth
 + Level 4.2 Unarmed Combat
 + Level 3.6 Shapeshifting


You had 3 spell levels left.
You didn't know any spells.
Your spell library contained the following spells:

 Spells                   Type           Power      Damage    Failure   Level
 Shock                    Conj/Air       0%         1d3       43%         1
 Swiftness                Air            0%         N/A       80%         3
 Airstrike                Air            0%         2d(0-16)  99%         4


Dungeon Overview and Level Annotations

Branches:
Dungeon (2/15)

Altars:

Annotations:
D:2 Natasha


Innate Abilities, Weirdness & Mutations

You are a hulking beast.
Your limbs bulge with bestial killing power. (Slay +2)
Your plain brown scales are hard. (AC +5)
You cannot fit into any form of body armour.
You are cold-blooded and may be slowed by cold attacks.


Message History

The goblin misses you.
It was a potion of degeneration.
There was something very wrong with that liquid.
You feel weakened.
You feel dopey.
You feel clumsy.
You feel sick. The goblin closely misses you.
The goblin hits you with a +0 dagger. The goblin misses you.
You barely miss the goblin.
You feel sick. The goblin closely misses you. The goblin barely misses you. x2
You closely miss the goblin.
Your tail-slap misses the goblin.
The goblin is heavily wounded.
You feel sick. The goblin misses you. The goblin closely misses you.
The goblin hits you but does no damage.
You are more poisoned.
You punch the goblin!
You kill the goblin!
You feel sick. The goblin hits you with a +0 club.
The goblin hits you but does no damage.
You are more poisoned.
You barely miss the goblin.
You feel very sick.
You hit the goblin.
You kill the goblin!
You feel very sick. The goblin misses you.
You feel sick. The goblin hits you with a +0 club.
* * * LOW HITPOINT WARNING * * *
Items here: )) ††.
* * * LOW HITPOINT WARNING * * *
You feel sick. The goblin attacks as it pursues you!
The goblin hits you with a +0 club.
* * * LOW HITPOINT WARNING * * *
The goblin attacks as it pursues you! The goblin hits you but does no damage.
It was a potion of haste.
You feel yourself speed up.
* * * LOW HITPOINT WARNING * * *
You feel sick. The goblin hits you with a +0 club.
* * * LOW HITPOINT WARNING * * *
The goblin hits you but does no damage.
You are more poisoned.
The goblin misses you.
You die...

#.. #..# #.. ##.#...#
##.# #......# #..#
#......####..# ......
#....## ...... #.....# #
#.##.# #...#.### #..
#.##.###.†.....#
#.#.g#####.##Sg.h.......#
.S..g..)))).gggg........#
..gg######.######.....>.#
. #.# #.......# ###
#...##### #...# #####


You could see 5 goblins and a ball python.

Vanquished Creatures
  Natasha (D:2)
  Robin (D:2)
  An adder (D:1)
  A gnoll (D:1)
  A worm (D:2)
  2 dart slugs (D:1)
  4 ball pythons
  An endoplasm (D:1)
  A giant cockroach (D:2)
  7 goblins (D:2)
  A hobgoblin (D:2)
  3 kobolds
  3 rats (D:1)
27 creatures vanquished.

Notes
Turn   | Place    | Note
-------+----------+-------------------------------------------
     0 | D:1      | subawu the Draconian Shapeshifter began the quest for the
                  | Orb.
     0 | D:1      | Reached XP level 1. HP: 16/16 MP: 1/1
    57 | D:1      | Reached XP level 2. HP: 9/23 MP: 2/2
   317 | D:1      | Noticed a golden eye
   319 | D:1      | Found a faded altar of an unknown god.
   322 | D:1      | Noticed a shining eye
   322 | D:1      | Noticed a golden eye
   322 | D:1      | Noticed a golden eye
   907 | D:2      | Noticed Robin
   999 | D:1      | Reached XP level 3. HP: 11/28 MP: 3/3
  1179 | D:2      | Noticed Natasha
  1188 | D:2      | Killed Natasha
  1189 | D:2      | Reached skill level 4 in Unarmed Combat
  1190 | D:2      | Noticed Natasha
  1352 | D:2      | Reached XP level 4. HP: 29/35 MP: 4/4
  1392 | D:2      | Killed Robin
  1419 | D:2      | HP: 1/35 [goblin/+0 dagger of venom[Robin] (2)]
  1431 | D:2      | Succumbed to a goblin's poison

Illustrated notes

Levels and vault maps discovered:
D:1:      minmay_arrival_four_circles, layout_loops_ring, serial_forest,
          infiniplex_forest_end_3, infiniplex_forest_straight_3,
          infiniplex_forest_lined_1, infiniplex_forest_clump_long,
          infiniplex_forest_lined_room_2, infiniplex_forest_clump_double,
          infiniplex_forest_lined_3, infiniplex_forest_lined_corner,
          hellmonk_ecumenical_altar_watching_god, corexii_leaking_fountain,
          nicolae_the_louvre
D:2:      layout_rooms, minmay_hedge_maze, uniq_natasha, uniq_robin

Skill      XL: |  1  2  3 |
---------------+----------+-----
Dodging        | 2 |  2.1
Unarmed Combat | 4 |  4.2
Fighting       | |  1.4
Stealth        | |  0.2
Shapeshifting  | |  3.6

Action                     |  1- 3 |  4- 6 || total
---------------------------+-------+-------++-------
  Melee: Unarmed           |    57 |    27 ||    84
         Punch             |     1 |       ||     1
         Tailslap          |     5 |       ||     5
    Use: Potion            |     1 |     5 ||     6
         Scroll            |       |     2 ||     2
   Stab: Sleeping          |     1 |       ||     1
 Armour: Skin              |    38 |    37 ||    75
  Dodge: Dodged            |    34 |    39 ||    73
         Form:             |     1 |       ||     1
         Beast             |     1 |       ||     1

Table legend: (Time is in decaauts)
 A = Elapsed time spent in this place.
 B = Non-inter-level travel time spent in this place.
 C = Inter-level travel time spent in this place.
 D = Time resting spent in this place.
 E = Time spent auto-exploring this place.
 F = Levels seen in this place.
 G = Mean time per level.
                   A        B        C        D        E       F      G
               +--------+--------+--------+--------+--------+-----+--------+
         Total |   1430 |   1322 |    108 |    103 |    610 |   2 |  715.0 |
       Dungeon |   1430 |   1322 |    108 |    103 |    610 |   2 |  715.0 |
               +--------+--------+--------+--------+--------+-----+--------+

Top non-repeatable levels by time:
     D:1: 1166 daAuts
     D:2: 264 daAuts
